[Event "Titled Tuesday Blitz July 4 Early 2023"]
[White "Liu, Casper"]
[Black "Mindhunter08"]
[WhiteFideId "1454153"]
[WhiteElo "2524"]
[BlackElo "2312"]
[Result "0-1"]
[Round "7"]
[TimeControl "180+2"]
[Date "2023.07.04"]
[WhiteClock "0:02:20"]
[BlackClock "0:01:27"]
[Board "120"]

1. d3 e5 2. g3 Nf6 3. Bg2 d5 4. f4 exf4 5. Bxf4 Bd6 6. Nf3 Bxf4 7. gxf4 Qd6 8. e3 O-O 9. Nbd2 Qb6 10. O-O Qxe3+ 11. Kh1 Qxf4 12. Nb3 Bg4 13. Qe1 Nbd7 14. Qh4 Qd6 15. Nbd4 c5 16. Ne2 Rae8 17. Ng3 Bxf3 18. Rxf3 Ne5 19. Rf4 Ng6 20. Nf5 Qxf4 21. Qxf4 Nxf4 22. Bf3 0-1


[Site "https://www.chess.com"]

[Event "Titled Tuesday Blitz July 4 Early 2023"]
[White "Osinovsky, Stepan"]
[Black "Sreyas Payyappat"]
[WhiteFideId "4157354"]
[BlackFideId "46674969"]
[WhiteElo "2307"]
[BlackElo "2524"]
[Result "0-1"]
[Round "7"]
[TimeControl "180+2"]
[Date "2023.07.04"]
[WhiteClock "0:00:00"]
[BlackClock "0:00:19"]
[Board "121"]

1. Nf3 Nf6 2. g3 c5 3. Bg2 g6 4. O-O Bg7 5. d3 O-O 6. e4 d6 7. Nbd2 Nc6 8. a4 Bg4 9. h3 Bxf3 10. Nxf3 Nd7 11. Re1 f5 12. Ng5 Rf6 13. exf5 gxf5 14. Qh5 Nf8 15. Bd5+ e6 16. Nxe6 Nxe6 17. Bxe6+ Kh8 18. Bg5 Nd4 19. Bf7 Qd7 20. Bxf6 Bxf6 21. c3 Nc2 22. Re8+ Rxe8 23. Bxe8 Qe6 24. Rc1 Ne1 25. Bg6 Qe7 26. Bxf5 Bg5 27. Rxe1 Qxe1+ 28. Kg2 Qe7 29. f4 Bf6 30. Be4 c4 31. Qd5 cxd3 32. Bxd3 Qe3 33. Qf5 Qd2+ 34. Kf3 Qd1+ 35. Be2 Qh1+ 36. Kg4 Kg7 37. Bf3 Qe1 38. Bxb7 Qd1+ 39. Bf3 Qxa4 40. h4 Qb3 41. Be4 Qxb2 42. Qxh7+ Kf8 0-1


[Site "https://www.chess.com"]

[Event "Titled Tuesday Blitz July 4 Early 2023"]
[White "Womacka, Mathias"]
[Black "Schut, Han"]
[WhiteFideId "4611390"]
[BlackFideId "1005561"]
[WhiteElo "2521"]
[BlackElo "2306"]
[Result "1-0"]
[Round "7"]
[TimeControl "180+2"]
[Date "2023.07.04"]
[WhiteClock "0:00:40"]
[BlackClock "0:00:00"]
[Board "122"]

1. e4 c5 2. Nf3 d6 3. d4 cxd4 4. Nxd4 Nf6 5. Nc3 a6 6. Be2 e5 7. Nb3 Be7 8. O-O Be6 9. f4 Qc7 10. Kh1 Nbd7 11. g4 exf4 12. g5 Ng8 13. Bxf4 h6 14. g6 fxg6 15. Bg4 Bxg4 16. Qxg4 O-O-O 17. Nd5 Qc6 18. Nd4 Qc5 19. Ne6 Qa5 20. b4 Qa3 21. Bc1 Ndf6 22. Bxa3 Nxg4 23. Nxd8 Kxd8 24. Bb2 N8f6 25. Nxf6 Nxf6 26. e5 dxe5 27. Bxe5 Re8 28. Rad1+ Kc8 29. c3 Ng4 30. Bd4 Bf6 31. Bxf6 gxf6 32. h3 Ne3 33. Rde1 f5 34. Rf3 f4 35. Rxf4 1-0


[Site "https://www.chess.com"]

[Event "Titled Tuesday Blitz July 4 Early 2023"]
[White "Samarth J Rao"]
[Black "Deng, Henry"]
[WhiteFideId "46652370"]
[BlackFideId "30965454"]
[WhiteElo "2262"]
[BlackElo "2515"]
[Result "0-1"]
[Round "7"]
[TimeControl "180+2"]
[Date "2023.07.04"]
[WhiteClock "0:00:57"]
[BlackClock "0:00:44"]
[Board "123"]

1. Nf3 d5 2. c4 c6 3. e3 Nf6 4. b3 Bg4 5. Bb2 Nbd7 6. Be2 e6 7. O-O Be7 8. Nc3 O-O 9. Rc1 Rc8 10. cxd5 exd5 11. d4 Bd6 12. h3 Bh5 13. Na4 Ne4 14. Ne5 Bxe2 15. Qxe2 Qe7 16. Nxd7 Qxd7 17. Nc3 Nxc3 18. Rxc3 f5 19. Re1 Rce8 20. Qd1 f4 21. exf4 Rxe1+ 22. Qxe1 Rxf4 23. Re3 Rf8 24. Re6 Kf7 25. Re3 Re8 26. Bc3 Rxe3 27. Qxe3 Qf5 28. Qe1 Qc2 29. Qd2 Qb1+ 30. Qe1 Qxa2 31. Qd1 Be7 32. g3 Qa3 33. h4 Qd6 34. Qg4 Qe6 35. Qf4+ Bf6 36. Qb8 c5 37. Qxb7+ Kg6 38. Qxa7 cxd4 39. Bd2 Qg4 40. Qa5 Qd1+ 41. Kg2 Qxb3 42. Kh3 Qf3 43. Be1 Qh1+ 44. Kg4 h5+ 45. Kf4 Qe4# 0-1


[Site "https://www.chess.com"]

[Event "Titled Tuesday Blitz July 4 Early 2023"]
[White "Thiel, Thomas"]
[Black "Kirillov, Dmitry"]
[WhiteFideId "4615964"]
[BlackFideId "34180572"]
[WhiteElo "2228"]
[BlackElo "2513"]
[Result "0-1"]
[Round "7"]
[TimeControl "180+2"]
[Date "2023.07.04"]
[WhiteClock "0:00:19"]
[BlackClock "0:00:06"]
[Board "124"]

1. e4 e5 2. Nf3 Nc6 3. d4 exd4 4. Nxd4 Bc5 5. Nxc6 Qf6 6. Qe2 dxc6 7. Nc3 Be6 8. Be3 Bb4 9. O-O-O Bxc3 10. bxc3 Qxc3 11. Bd4 Qa3+ 12. Bb2 Qf8 13. Qe3 Nf6 14. Ba3 c5 15. Bxc5 Qg8 16. Kb2 Nd7 17. Ba3 f6 18. Qg3 O-O-O 19. Be2 Qf7 20. Bg4 Ne5 21. Bxe6+ Qxe6 22. Ka1 Nc4 23. Bb2 Nxb2 24. Kxb2 Qxe4 25. Qxg7 Qe5+ 26. Kb1 Rhg8 27. Rxd8+ Rxd8 28. Qxh7 b6 29. Qh3+ Kb7 30. Qf3+ c6 31. h4 Rd5 32. a4 Rd4 33. c3 Rxa4 34. h5 Qb5+ 35. Kc2 Ra2+ 0-1


[Site "https://www.chess.com"]

[Event "Titled Tuesday Blitz July 4 Early 2023"]
[White "Korkmaz, Necmettin"]
[Black "Sanchez, Robert"]
[WhiteFideId "6303285"]
[BlackFideId "2034360"]
[WhiteElo "2512"]
[BlackElo "2169"]
[Result "1-0"]
[Round "7"]
[TimeControl "180+2"]
[Date "2023.07.04"]
[WhiteClock "0:00:33"]
[BlackClock "0:00:22"]
[Board "125"]

1. e4 d5 2. exd5 Qxd5 3. Nc3 Qe6+ 4. Be2 Qg6 5. Bf3 Nc6 6. Nge2 e5 7. O-O Bd7 8. d3 O-O-O 9. Be3 f5 10. g3 h5 11. d4 f4 12. d5 fxe3 13. fxe3 Nce7 14. d6 Qxd6 15. Qe1 Qb6 16. Qf2 Nf5 17. Nd5 Qd6 18. Be4 Nfh6 19. Rad1 Ng4 20. Qf3 Kb8 21. Ndc3 Qe7 22. Bxb7 N8f6 23. Ba6 Bc8 24. Rxd8 Qxd8 25. Rd1 Bd6 26. Qc6 Bxa6 27. Qxa6 Qc8 28. Qd3 h4 29. h3 hxg3 30. hxg4 Qb7 31. e4 Bc5+ 32. Kg2 Nxg4 33. Kxg3 Qc6 34. Qb5+ Qxb5 35. Nxb5 Ne3 36. Rd7 Nxc2 37. Nxc7 Nd4 38. Na6+ Kc8 39. Rc7+ Kd8 40. Rxc5 Nxe2+ 41. Kf3 Nd4+ 42. Kg4 Re8 43. Nb4 Kd7 44. Ra5 Nc6 45. Nxc6 Kxc6 46. Rxa7 Rb8 47. b3 Rb4 48. Kf5 1-0


[Site "https://www.chess.com"]

[Event "Titled Tuesday Blitz July 4 Early 2023"]
[White "musclemonster12"]
[Black "Sailer, Mike"]
[BlackFideId "2012901"]
[WhiteElo "2511"]
[BlackElo "2120"]
[Result "1/2-1/2"]
[Round "7"]
[TimeControl "180+2"]
[Date "2023.07.04"]
[WhiteClock "0:00:10"]
[BlackClock "0:00:07"]
[Board "126"]

1. Nf3 d5 2. g3 Nf6 3. Bg2 Bf5 4. O-O e6 5. d3 Be7 6. Nbd2 O-O 7. b3 c5 8. Bb2 Nc6 9. Ne5 Nxe5 10. Bxe5 b5 11. e4 Bg4 12. f3 Bh5 13. g4 Bg6 14. f4 h6 15. f5 Bh7 16. Qf3 dxe4 17. Nxe4 Nxe4 18. Qxe4 Rc8 19. Rae1 exf5 20. gxf5 Bf6 21. Bg3 c4 22. bxc4 bxc4 23. dxc4 Qd4+ 24. Qxd4 Bxd4+ 25. Kh1 Rxc4 26. Bd6 Rd8 27. Bd5 Rxc2 28. Re7 Bf6 29. Bxf7+ Kh8 30. Re6 Bg8 31. Bxg8 Kxg8 32. Rg1 Kh7 33. Be7 Rdd2 34. Bd6 Bd4 35. Rf1 Re2 36. Rxe2 Rxe2 37. a3 Bf6 38. Bb4 Rc2 39. Kg1 h5 40. Rd1 Be5 41. h3 Bh2+ 42. Kh1 Bg3 43. Rd3 h4 44. Bd6 Rc1+ 45. Kg2 Rc2+ 46. Kf3 Bxd6 47. Rxd6 Ra2 48. Kg4 Rxa3 49. Kxh4 a5 50. Rd7 Kh6 51. Rd6+ Kh7 52. Rd7 Kh6 53. Rd6+ Kh7 1/2-1/2


[Site "https://www.chess.com"]

[Event "Titled Tuesday Blitz July 4 Early 2023"]
[White "Floresvillar Gonzalez, Luis Migu"]
[Black "Fantastic_Power"]
[WhiteFideId "5100542"]
[WhiteElo "2103"]
[BlackElo "2505"]
[Result "0-1"]
[Round "7"]
[TimeControl "180+2"]
[Date "2023.07.04"]
[WhiteClock "0:00:32"]
[BlackClock "0:00:11"]
[Board "127"]

1. d4 Nf6 2. c3 d5 3. Bg5 Ne4 4. h4 c5 5. e3 Qb6 6. Qb3 c4 7. Qxb6 axb6 8. Nd2 Bf5 9. Nxe4 Bxe4 10. f3 Bf5 11. g4 Bd7 12. Ne2 Nc6 13. h5 f6 14. Bh4 e5 15. a3 Bd6 16. Ng3 O-O 17. Kd2 exd4 18. exd4 Na5 19. Re1 Bf4+ 20. Kc2 Rfe8 21. Bh3 Nb3 22. Nf5 Nd2 23. Bg2 Ba4+ 24. b3 cxb3+ 25. Kb2 Nc4+ 26. Kb1 Nxa3+ 27. Kb2 Nc4+ 28. Kb1 Bd2 29. Rxe8+ Rxe8 30. Rd1 Bxc3 31. Rc1 Na3# 0-1


[Site "https://www.chess.com"]

[Event "Titled Tuesday Blitz July 4 Early 2023"]
[White "Belov, Alexei"]
[Black "Hilary46"]
[WhiteFideId "4128206"]
[WhiteElo "2497"]
[BlackElo "2631"]
[Result "0-1"]
[Round "7"]
[TimeControl "180+2"]
[Date "2023.07.04"]
[WhiteClock "0:01:23"]
[BlackClock "0:01:42"]
[Board "128"]

1. e4 e5 2. Nf3 Nc6 3. Bb5 a6 4. Ba4 Nf6 5. d4 exd4 6. O-O Be7 7. e5 Ne4 8. Nxd4 Nxd4 9. Qxd4 Nc5 10. Nc3 Nxa4 11. Qxa4 O-O 12. Nd5 d6 13. Nxe7+ Qxe7 14. exd6 Qxd6 15. Bf4 Qb6 16. Qb3 Be6 17. Qxb6 cxb6 18. Rfd1 Rac8 19. c3 b5 20. Rd4 Rfd8 21. Be3 Rxd4 22. Bxd4 Bd5 23. b3 Re8 24. Be3 Rc8 25. Rd1 Be6 26. Rd6 h6 27. Bd4 Kf8 28. f3 Rc7 29. Rd8+ Ke7 30. Rg8 g6 31. Kf2 h5 32. h3 Rc8 33. g4 Rxg8 0-1


[Site "https://www.chess.com"]

[Event "Titled Tuesday Blitz July 4 Early 2023"]
[White "Postlmayer, Jakob"]
[Black "Ganiev, Roman"]
[WhiteFideId "1643622"]
[BlackFideId "4131452"]
[WhiteElo "2495"]
[BlackElo "2601"]
[Result "1/2-1/2"]
[Round "7"]
[TimeControl "180+2"]
[Date "2023.07.04"]
[WhiteClock "0:00:15"]
[BlackClock "0:00:10"]
[Board "129"]

1. d4 Nf6 2. c4 e6 3. g3 Bb4+ 4. Bd2 Be7 5. Bg2 O-O 6. Nf3 d5 7. O-O Nbd7 8. Qc2 c5 9. dxc5 Bxc5 10. cxd5 Nxd5 11. Nc3 Nxc3 12. Bxc3 h6 13. Rfd1 Qc7 14. Rac1 Be7 15. Qd2 Qb6 16. Qd4 Qxd4 17. Bxd4 Nb6 18. Ne5 Rd8 19. e3 Nd5 20. Bc5 Bf6 21. Bd4 Bd7 22. Bxd5 exd5 23. Nxd7 Rxd7 24. Bxf6 gxf6 25. Rd4 Kf8 26. Rcd1 Rc8 27. Rxd5 Rxd5 28. Rxd5 Rc2 29. Rb5 b6 30. Kg2 Ke7 31. a4 Ke6 32. g4 Rc4 33. a5 bxa5 34. Kf3 Rb4 35. Rxa5 Rxb2 36. Rxa7 Rb6 37. Ra5 Rb8 38. Kg3 Ke7 39. f4 Kf8 40. h4 Kg7 41. Kf3 Rb1 42. Ke4 Rb4+ 43. Kf5 Rb3 44. e4 Rf3 45. Ra6 Rh3 46. h5 Rf3 47. Rxf6 Rxf4+ 48. Kxf4 Kxf6 49. e5+ Ke6 50. Ke4 f6 51. exf6 Kxf6 52. Kf4 Ke6 53. Kf3 Kf6 54. Ke3 Kg5 55. Kf3 Kf6 56. Kf4 Ke6 57. Kg3 Kf6 58. Kh4 Ke6 59. g5 hxg5+ 60. Kxg5 Kf7 61. Kh6 Kg8 62. Kg6 Kh8 63. h6 Kg8 64. h7+ Kh8 65. Kh6 1/2-1/2


[Site "https://www.chess.com"]

[Event "Titled Tuesday Blitz July 4 Early 2023"]
[White "Skliarov, Viktor"]
[Black "Mica, Marek"]
[WhiteFideId "14106736"]
[BlackFideId "382884"]
[WhiteElo "2597"]
[BlackElo "2482"]
[Result "1/2-1/2"]
[Round "7"]
[TimeControl "180+2"]
[Date "2023.07.04"]
[WhiteClock "0:00:06"]
[BlackClock "0:00:11"]
[Board "130"]

1. e4 c5 2. Nf3 g6 3. c3 d5 4. exd5 Qxd5 5. Na3 Bg7 6. Bc4 Qh5 7. Nb5 Na6 8. Qb3 Nh6 9. d4 cxd4 10. Bxh6 Bxh6 11. Bxf7+ Kf8 12. Nbxd4 Nc5 13. Qc4 b6 14. Ne6+ Bxe6 15. Bxe6 Rd8 16. O-O Rd6 17. Bg4 Qd5 18. Qxd5 Rxd5 19. Rad1 Rd6 20. Rxd6 exd6 21. Nd4 Kf7 22. Re1 a5 23. Bf3 Rc8 24. Bd5+ Kf8 25. Ne6+ Nxe6 26. Rxe6 Rd8 27. Kf1 Bg7 28. Ke2 b5 29. Kd3 b4 30. cxb4 axb4 31. Kc4 Bxb2 32. Kxb4 Bd4 33. a4 Rb8+ 34. Kc4 Bc5 35. Bc6 Kf7 36. Re2 Rb4+ 37. Kc3 Rh4 38. h3 Rf4 39. f3 Rb4 40. Ra2 Rb1 41. a5 Kf6 42. a6 Rg1 43. a7 Bxa7 44. Rxa7 Rc1+ 45. Kd2 Rxc6 46. Rxh7 Rb6 47. Ke3 Rb3+ 48. Kf4 Rb4+ 49. Kg3 d5 50. Rd7 Ke6 51. Rd8 Rb2 52. h4 Ke5 53. Rg8 Kf6 54. Rd8 Ke5 55. Kh3 d4 56. g3 Rb3 57. Kg4 Rb6 58. Re8+ Kd5 59. Rd8+ Ke5 60. Re8+ Kd5 61. Re1 d3 62. Kg5 Kd4 63. f4 d2 64. Rd1 Ke3 65. g4 Ke2 66. Rxd2+ Kxd2 67. f5 gxf5 68. gxf5 Ke3 69. f6 Ke4 70. f7 Rb8 71. Kf6 Kf4 72. Kg7 Kf5 73. f8=Q+ Rxf8 74. Kxf8 Kg4 75. Kg7 Kxh4 1/2-1/2


[Site "https://www.chess.com"]

[Event "Titled Tuesday Blitz July 4 Early 2023"]
[White "ATM622"]
[Black "Shapiro, Viktor"]
[BlackFideId "4175700"]
[WhiteElo "2566"]
[BlackElo "2472"]
[Result "1-0"]
[Round "7"]
[TimeControl "180+2"]
[Date "2023.07.04"]
[WhiteClock "0:00:03"]
[BlackClock "0:00:00"]
[Board "131"]

1. d4 Nf6 2. c4 e6 3. g3 c5 4. d5 exd5 5. cxd5 d6 6. Bg2 g6 7. Nf3 Bg7 8. O-O O-O 9. Nc3 a6 10. a4 Re8 11. Nd2 Nbd7 12. Nc4 Ne5 13. Nxe5 Rxe5 14. e4 Rb8 15. f4 Re8 16. e5 dxe5 17. fxe5 Rxe5 18. Bf4 Ng4 19. Bxe5 Bxe5 20. Qf3 f5 21. Rae1 Bd4+ 22. Kh1 b5 23. axb5 axb5 24. h3 Nf6 25. Qf4 Rb6 26. d6 b4 27. Nd5 Rxd6 28. Ne7+ Kg7 29. Nc6 Rxc6 30. Bxc6 Ba6 31. g4 Bxf1 32. Rxf1 fxg4 33. hxg4 Qc8 34. Bf3 h6 35. Qd6 Qe8 36. Qc7+ Kh8 37. Kg2 Qe3 38. Qd8+ Kg7 39. Qc7+ Kh8 40. Kh1 Qd3 41. Kg2 Qd2+ 42. Kh1 Qg5 43. Qd8+ Kg7 44. Qe7+ Kh8 45. Ra1 Ng8 46. Qxg5 hxg5 47. Ra8 Kg7 48. Ra7+ Kf8 49. b3 Nf6 50. Kg2 Ke8 51. Be2 Nd5 52. Kf3 Nf4 53. Bc4 Kf8 54. Ke4 Ke8 55. Rb7 Kf8 56. Rf7+ Ke8 57. Ra7 Kf8 58. Ra6 Kg7 59. Bb5 Kf7 60. Bc4+ Ke7 61. Ra7+ Kd6 62. Rf7 Bc3 63. Rf8 Bd4 64. Re8 Kd7 65. Bf7 Bc3 66. Rg8 Ke7 67. Bxg6 Kf6 68. Bf5 Bd4 69. Rf8+ Ke7 70. Rg8 Kf6 71. Rc8 Ne2 72. Rc6+ Kf7 73. Be6+ Ke7 74. Kf5 Ng3+ 75. Kxg5 Ne4+ 76. Kg6 Nd6 77. Bd5 Kd7 78. Ra6 Be3 79. Ra7+ Kd8 80. Be6 Bf4 81. Rd7+ Ke8 82. Kh7 Ne4 83. Rb7 Ng5+ 84. Kg6 Nxe6 85. Kf6 Nd4 86. g5 Nxb3 87. g6 Bh6 88. Ke6 Kf8 89. Kf6 1-0


[Site "https://www.chess.com"]

[Event "Titled Tuesday Blitz July 4 Early 2023"]
[White "Pandey Srishti"]
[Black "Pasti, Aron"]
[WhiteFideId "35093290"]
[BlackFideId "785857"]
[WhiteElo "2432"]
[BlackElo "2563"]
[Result "0-1"]
[Round "7"]
[TimeControl "180+2"]
[Date "2023.07.04"]
[WhiteClock "0:02:12"]
[BlackClock "0:02:20"]
[Board "132"]

1. e4 c5 2. Nf3 e6 3. d4 cxd4 4. Nxd4 Nc6 5. Nc3 Qc7 6. Be3 a6 7. a3 b5 8. Nxc6 Qxc6 9. Be2 Bb7 10. O-O Qc7 11. Qd3 Ne7 12. Rad1 Ng6 13. f4 Bc5 14. Bf3 Nxf4 15. Qd2 Bxe3+ 16. Qxe3 O-O 17. e5 Bxf3 18. Qxf3 Ng6 19. Qg3 Nxe5 20. Ne4 f5 21. Nd6 Ng6 22. c4 bxc4 23. Rc1 f4 0-1


[Site "https://www.chess.com"]

[Event "Titled Tuesday Blitz July 4 Early 2023"]
[White "Ambartsumova, Karina"]
[Black "Avazkhonov, Alikhon"]
[WhiteFideId "4166299"]
[BlackFideId "14208504"]
[WhiteElo "2556"]
[BlackElo "2419"]
[Result "1-0"]
[Round "7"]
[TimeControl "180+2"]
[Date "2023.07.04"]
[WhiteClock "0:00:55"]
[BlackClock "0:00:20"]
[Board "133"]

1. e4 c5 2. Nf3 d6 3. Bb5+ Nd7 4. c4 Nf6 5. O-O Nxe4 6. d4 a6 7. Ba4 g6 8. Re1 Nf6 9. Bf4 e6 10. d5 b5 11. cxb5 e5 12. Nxe5 dxe5 13. Bxe5 Nxe5 14. Rxe5+ Kd7 15. b6+ Kd6 16. Qe2 Nd7 17. Re6+ 1-0


[Site "https://www.chess.com"]

[Event "Titled Tuesday Blitz July 4 Early 2023"]
[White "Melikhov, Evgeny V."]
[Black "Terletsky, Oleg"]
[WhiteFideId "4122046"]
[BlackFideId "14116774"]
[WhiteElo "2392"]
[BlackElo "2544"]
[Result "1-0"]
[Round "7"]
[TimeControl "180+2"]
[Date "2023.07.04"]
[WhiteClock "0:01:16"]
[BlackClock "0:00:00"]
[Board "134"]

1. d4 Nf6 2. c4 g6 3. Nc3 Bg7 4. e4 d6 5. f3 O-O 6. Be3 Nc6 7. Nge2 a6 8. Qd2 Rb8 9. Bh6 b5 10. O-O-O Na5 11. Ng3 Nxc4 12. Bxc4 bxc4 13. h4 c6 14. h5 Qb6 15. Bxg7 Kxg7 16. hxg6 fxg6 17. Qh6+ Kf7 18. Rd2 e5 19. d5 c5 20. Nf1 Bd7 21. Ne3 Rb7 22. g4 Rfb8 23. g5 Qa5 24. gxf6 Qxc3+ 25. Rc2 Qxc2+ 26. Nxc2 Kxf6 27. Qh4+ Kf7 28. Qxh7+ Kf6 29. Qh4+ Kf7 30. Qg5 1-0


[Site "https://www.chess.com"]

[Event "Titled Tuesday Blitz July 4 Early 2023"]
[White "Makhmudov, Shukhrat"]
[Black "Fonseca Manrique, Enrique"]
[WhiteFideId "14200775"]
[BlackFideId "5114330"]
[WhiteElo "2388"]
[BlackElo "2532"]
[Result "0-1"]
[Round "7"]
[TimeControl "180+2"]
[Date "2023.07.04"]
[WhiteClock "0:01:07"]
[BlackClock "0:00:44"]
[Board "135"]

1. e4 c5 2. Nf3 e6 3. d4 cxd4 4. Nxd4 Nc6 5. Nc3 Qc7 6. Nxc6 bxc6 7. Bd3 d5 8. O-O Nf6 9. Kh1 Be7 10. f4 a5 11. e5 Nd7 12. Qg4 g6 13. Ne2 Qb6 14. b3 a4 15. Bb2 Ba6 16. Nc3 Bxd3 17. cxd3 axb3 18. f5 bxa2 19. fxe6 fxe6 20. Bc1 Rf8 21. Bf4 Qb4 22. Ne2 g5 23. Qh5+ Kd8 24. Bxg5 Rxf1+ 25. Rxf1 a1=Q 0-1


[Site "https://www.chess.com"]

[Event "Titled Tuesday Blitz July 4 Early 2023"]
[White "Bilan, Danila"]
[Black "Todorovic, Bojan"]
[WhiteFideId "24161918"]
[BlackFideId "917087"]
[WhiteElo "2531"]
[BlackElo "2351"]
[Result "0-1"]
[Round "7"]
[TimeControl "180+2"]
[Date "2023.07.04"]
[WhiteClock "0:00:02"]
[BlackClock "0:00:42"]
[Board "136"]

1. d4 g6 2. Nf3 Bg7 3. Bg5 d6 4. c3 Nd7 5. Nbd2 c5 6. e3 Ngf6 7. Bc4 O-O 8. O-O b6 9. e4 Bb7 10. e5 dxe5 11. dxe5 Nd5 12. e6 fxe6 13. Qe2 Rf5 14. Qxe6+ Kh8 15. Rae1 Nf8 16. Qe2 Bf6 17. Ne4 Ne6 18. Nxf6 Nxg5 19. Nxg5 Rxg5 20. Bxd5 Bxd5 21. Qxe7 Rxg2+ 22. Kh1 Rxf2+ 23. Ne4 0-1


[Site "https://www.chess.com"]

[Event "Titled Tuesday Blitz July 4 Early 2023"]
[White "Brunner, Nicolas"]
[Black "Bashirli, Saadat"]
[WhiteFideId "620246"]
[BlackFideId "13429990"]
[WhiteElo "2528"]
[BlackElo "2355"]
[Result "1-0"]
[Round "7"]
[TimeControl "180+2"]
[Date "2023.07.04"]
[WhiteClock "0:00:25"]
[BlackClock "0:00:13"]
[Board "137"]

1. Nf3 d5 2. g3 c6 3. Bg2 Nf6 4. O-O Bg4 5. h3 Bf5 6. d3 e6 7. Nbd2 Be7 8. Qe1 Bg6 9. e4 O-O 10. Ne5 Nbd7 11. Nxg6 hxg6 12. Kh2 Rc8 13. e5 Ne8 14. f4 Qc7 15. Nf3 b6 16. c4 dxc4 17. dxc4 c5 18. Qe2 Nb8 19. Be3 Nc6 20. Rad1 Rd8 21. Rxd8 Qxd8 22. Rd1 Qc8 23. h4 Nc7 24. Ng5 Nb8 25. Ne4 Rd8 26. Nd6 Bxd6 27. exd6 Ne8 28. h5 gxh5 29. Qxh5 Rxd6 30. Rh1 Nf6 31. Qh4 Qd7 32. Bf3 Nc6 33. Kg2 Kf8 34. Qh8+ Ng8 35. Rh7 f6 36. f5 Nd8 37. Bh6 Rd2+ 38. Bxd2 Qxd2+ 39. Kh3 Qg5 40. fxe6 Nxe6 41. Rh5 Qg6 42. Bd5 Ng5+ 43. Kh4 Nf7 44. Bxf7 Kxf7 45. Qh7 Qxh7 46. Rxh7 Kg6 47. Rh8 Kf7 48. g4 a6 49. g5 g6 50. gxf6 Nxf6 51. Rb8 b5 52. cxb5 axb5 53. Rxb5 Nd7 54. a4 c4 55. a5 Ke6 56. a6 c3 57. bxc3 Kd6 58. a7 Kc6 59. Ra5 Nb6 60. a8=Q+ Nxa8 61. Rxa8 Kc5 62. Rg8 Kc4 63. Rxg6 Kb3 64. Kg3 Kc4 65. Kf3 Kb3 66. Ke3 Kxc3 67. Rc6+ Kb4 68. Kd4 Kb5 69. Rc1 Kb6 70. Kd5 Kb7 71. Kd6 Kb8 72. Kd7 Kb7 73. Rb1+ Ka6 74. Kc6 Ka5 75. Rb8 Ka4 76. Kc5 Ka3 77. Kc4 Ka2 78. Kc3 Ka1 79. Kc2 Ka2 80. Ra8# 1-0


[Site "https://www.chess.com"]

[Event "Titled Tuesday Blitz July 4 Early 2023"]
[White "robertoalejandro10"]
[Black "Vasques, Antonio Pedro Freixial"]
[BlackFideId "1908332"]
[WhiteElo "2527"]
[BlackElo "2320"]
[Result "1-0"]
[Round "7"]
[TimeControl "180+2"]
[Date "2023.07.04"]
[WhiteClock "0:01:54"]
[BlackClock "0:01:12"]
[Board "138"]

1. Nf3 Nf6 2. c4 e6 3. g3 d5 4. b3 c5 5. Bg2 Nc6 6. O-O Be7 7. e3 O-O 8. Bb2 dxc4 9. bxc4 Qc7 10. Qe2 Rd8 11. Rd1 b6 12. Nc3 Bb7 13. Rac1 Rac8 14. d4 cxd4 15. exd4 Na5 16. Nb5 Qb8 17. d5 Bf8 18. dxe6 Rxd1+ 19. Rxd1 Re8 20. exf7+ Kxf7 21. Ng5+ Kg8 22. Qd3 Bxg2 23. Bxf6 Be4 24. Nxe4 1-0


[Site "https://www.chess.com"]

[Event "Titled Tuesday Blitz July 4 Early 2023"]
[White "Sokolov, Andrei"]
[Black "Vyatkin, Dmitry"]
[WhiteFideId "11600306"]
[BlackFideId "4171900"]
[WhiteElo "2308"]
[BlackElo "2525"]
[Result "1/2-1/2"]
[Round "7"]
[TimeControl "180+2"]
[Date "2023.07.04"]
[WhiteClock "0:00:05"]
[BlackClock "0:00:07"]
[Board "139"]

1. d4 Nf6 2. c4 g6 3. Nc3 Bg7 4. e4 d6 5. h3 O-O 6. Be3 c5 7. d5 e6 8. Bd3 exd5 9. exd5 Re8 10. Nge2 Nbd7 11. O-O Ne5 12. Bf4 Nxd3 13. Qxd3 Bf5 14. Qd1 a6 15. Ng3 Qd7 16. Nxf5 gxf5 17. a4 Ne4 18. Qf3 Kh8 19. Nd1 Bd4 20. Qd3 b5 21. axb5 axb5 22. Rxa8 Rxa8 23. cxb5 Rb8 24. Nc3 Bxc3 25. bxc3 Qxb5 26. Qxb5 Rxb5 27. c4 Rb4 28. Rc1 Rb6 29. f3 Nf6 30. Bd2 Kg7 31. Bf4 Kg6 32. Re1 Nh5 33. Bh2 f4 34. Re4 Kf5 35. Re7 Kf6 36. Re4 Kf5 37. Re7 Kf6 38. Re4 Kf5 1/2-1/2


[Site "https://www.chess.com"]

[Event "Titled Tuesday Blitz July 4 Early 2023"]
[White "Nakhbayeva, Guliskhan"]
[Black "Shuvalov, Evgenij"]
[WhiteFideId "13704788"]
[BlackFideId "4187237"]
[WhiteElo "2239"]
[BlackElo "2514"]
[Result "0-1"]
[Round "7"]
[TimeControl "180+2"]
[Date "2023.07.04"]
[WhiteClock "0:00:00"]
[BlackClock "0:00:14"]
[Board "140"]

1. d4 Nf6 2. Nf3 g6 3. Nbd2 d5 4. e3 Bg7 5. b4 Bg4 6. Be2 Bxf3 7. Nxf3 Nbd7 8. a4 Ne4 9. Bb2 O-O 10. O-O c5 11. bxc5 Ndxc5 12. Ba3 Nc3 13. Qd2 N5e4 14. Qd3 Rc8 15. Bd1 Qc7 16. Bb4 a5 17. Bxc3 Nxc3 18. Nd2 e5 19. Nb3 b6 20. g3 e4 21. Qd2 Qc4 22. Re1 Nxa4 23. Nc1 Nc3 24. Ne2 Nxd1 25. Rexd1 Qxc2 26. Qe1 Qc6 27. Nf4 Bh6 28. Ne2 Qd6 29. Rdb1 Rc2 30. Rb5 Rfc8 31. Rab1 R8c6 0-1


[Site "https://www.chess.com"]

[Event "Titled Tuesday Blitz July 4 Early 2023"]
[White "Lehtosaari, Mauri"]
[Black "Fernandez Hernandez, Gerardo"]
[WhiteFideId "501999"]
[BlackFideId "2207400"]
[WhiteElo "2508"]
[BlackElo "2221"]
[Result "1-0"]
[Round "7"]
[TimeControl "180+2"]
[Date "2023.07.04"]
[WhiteClock "0:00:21"]
[BlackClock "0:00:00"]
[Board "141"]

1. d4 Nf6 2. Nf3 g6 3. Bg5 Bg7 4. Nbd2 d5 5. e3 Nbd7 6. Be2 b6 7. O-O Bb7 8. c3 O-O 9. a4 a5 10. Qb1 Re8 11. b4 Ne4 12. Nxe4 dxe4 13. Nd2 h6 14. Bh4 f5 15. Qb3+ Kh7 16. Rad1 Nf6 17. Bxf6 Bxf6 18. Bc4 axb4 19. cxb4 Ba6 20. f3 Bxc4 21. Qxc4 exf3 22. Nxf3 Rxa4 23. Qf7+ Bg7 24. Ne5 Rf8 25. Qxg6+ Kg8 26. Rxf5 Ra8 27. Rdf1 Qd5 28. h4 Qb3 29. R5f3 Rxf3 30. Rxf3 Qd1+ 31. Kh2 Qb3 32. Rg3 1-0


[Site "https://www.chess.com"]

[Event "Titled Tuesday Blitz July 4 Early 2023"]
[White "Howell, David W L"]
[Black "Tsyhanchuk, Stanislav"]
[WhiteFideId "410608"]
[BlackFideId "13505130"]
[WhiteElo "2995"]
[BlackElo "2237"]
[Result "1-0"]
[Round "7"]
[TimeControl "180+2"]
[Date "2023.07.04"]
[WhiteClock "0:00:19"]
[BlackClock "0:00:02"]
[Board "142"]

1. e4 c5 2. Nf3 d6 3. Be2 Nc6 4. O-O g6 5. Re1 Bg7 6. c3 Nf6 7. Bf1 O-O 8. h3 e5 9. d4 exd4 10. cxd4 cxd4 11. Nxd4 Ne8 12. Be3 Nc7 13. Nc3 Ne6 14. Ndb5 Be5 15. Qd2 a6 16. Na3 b5 17. Nd5 Bb7 18. Rad1 Ned4 19. Bg5 f6 20. Bh6 f5 21. Bxf8 Qxf8 22. Nc2 fxe4 23. Rxe4 Nxc2 24. Qxc2 Qf7 25. a4 Nd4 26. Rexd4 Bxd4 27. Rxd4 Bxd5 28. axb5 axb5 29. Bxb5 Be6 30. Rxd6 Bf5 31. Qd1 Kg7 32. g4 Be6 33. Qd4+ Kf8 34. Qh8+ Qg8 35. Qf6+ Bf7 36. Bc4 Ra1+ 37. Kh2 Qg7 38. Rd8# 1-0


[Site "https://www.chess.com"]